 Dungeon Crawl Stone Soup version 0.32-a0-913-g739538afd8 (webtiles) character file.

Game seed: 15288249719714840183

39 HilariousDeathArtist the Sneak (level 3, -5/31 HPs)
             Began as a Draconian Brigand on Apr 9, 2024.
             Was a Follower of Ru.
             Killed from afar by an orc wizard (8 damage)
             ... with a puff of flame
             ... on level 2 of the Dungeon.
             The game lasted 00:02:01 (873 turns).

HilariousDeathArtist the Sneak (Draconian Brigand)   Turns: 873, Time: 00:02:02

Health: -5/31      AC:  6    Str: 12 (13) XL:     3   Next: 28%
Magic:  3/3        EV: 10    Int:  8 (11) God:    Ru [*.....]
Gold:   126        SH:  0    Dex: 11 (14) Spells: 2/2 levels left

rFire   . . .        a - +1 dagger (drain)
rCold   . . .        (no shield)
rNeg    . . .        (body armour unavailable)
rPois   .            (helmet restricted)
rElec   .            b - +0 cloak
rCorr   .            (no gloves)
SInv    .            (no boots)
Will    +....        (no amulet)
Stlth   ++           (no ring)
HPRegen 0.25/turn    (no ring)
MPRegen 0.08/turn

%: no passive effects
@: enlightened, flying
A: AC +5, unfitting armour, cold-blooded, unskilled 1
a: Renounce Religion


You were on level 2 of the Dungeon.
You worshipped Ru.
Ru was aware of your devotion.
You visited 1 branch of the dungeon, and saw 2 of its levels.

You collected 126 gold pieces.

Inventory:

Hand Weapons
 a - a +1 dagger of draining (weapon)
   (You found it on level 1 of the Dungeon)
 f - a +2 dagger
Missiles
 c - 14 poisoned darts
 d - 3 curare-tipped darts
 s - 2 stones
Armour
 b - a +0 cloak (worn)
Scrolls
 g - a scroll of amnesia {unknown}
 i - a scroll of fear {unknown}


   Skills:
 + Level 3.2 Fighting
 + Level 2.4 Short Blades
 - Level 1.5 Throwing
 - Level 0.7 Dodging
 - Level 3.2 Stealth


You had 2 spell levels left.
You didn't know any spells.
Your spell library contained the following spells:

 Spells                   Type           Power      Damage    Failure   Level
 Tukima's Dance           Hex            0%         N/A       78%         3
 Passage of Golubria      Tloc           0%         N/A       99%         4
 Yara's Violent Unravell  Hex/Alch       0%         3d3       100%        5


Dungeon Overview and Level Annotations

Branches:
Dungeon (2/15)

Altars:
Ru


Innate Abilities, Weirdness & Mutations

Your plain brown scales are hard. (AC +5)
You cannot fit into any form of body armour.
You are cold-blooded and may be slowed by cold attacks.
You are somewhat unskilled. (-1 Apt)


Message History

Things that are here:
a +0 short sword; an orc corpse You hit the orc.
The orc barely misses you.
You hit the orc. You drain the orc.
You kill the orc!
The orc hits you but does no damage. The orc attacks as it pursues you!
The orc hits you but does no damage.
The orc wizard casts a spell.
The orc wizard flickers and vanishes!
Deactivating autopickup; reactivate with Ctrl-A.
The orc attacks as it pursues you! The orc barely misses you.
You hit the orc. You drain the orc.
You kill the orc!
You hit the orc. The orc barely misses you.
You hit the orc.
The orc is stunned by your conviction and fails to attack.
You barely miss the orc.
Your tail-slap misses the orc.
The orc closely misses you.
You hit the orc.
You kill the orc!
You hit the hobgoblin but do no damage. You hit the hobgoblin.
Your tail-slap misses the hobgoblin.
The hobgoblin closely misses you.
You hear some strange, mumbled words.
You are confused.
You miss the hobgoblin. The hobgoblin closely misses you. Something hits you.
You take 2 damage, and have 29/31 hp.
You hit the hobgoblin but do no damage. You drain the hobgoblin.
The hobgoblin closely misses you. Something hits you but does no damage.
The hobgoblin hits you but does no damage.
The hobgoblin hits you but does no damage.
You're too confused to move!
The hobgoblin hits you. Something hits you but does no damage.
You take 1 damage, and have 28/31 hp.
You barely miss the hobgoblin. The hobgoblin hits you.
Something hits you but does no damage.
You take 2 damage, and have 26/31 hp.
Unknown command.
You hear some strange, mumbled words.
A puff of flame appears from out of thin air!
The puff of flame hits you!
You take 7 damage, and have 19/31 hp.
MASSIVE DAMAGE!!
You bump into the rock wall.
You feel less confused. The hobgoblin barely misses you. Something hits you.
You take 3 damage, and have 16/31 hp.
You closely miss the hobgoblin. The hobgoblin closely misses you.
Something hits you.
Unknown command.
You barely miss the hobgoblin. You tail-slap the hobgoblin.
You kill the hobgoblin!
Something hits you but does no damage.
You closely miss something.
You hear some strange, mumbled words.
You are confused.
Something hits you but does no damage.
You bump into the rock wall.
Something hits you but does no damage. Something hits you.
You take 2 damage, and have 15/31 hp.
Something hits you but does no damage.
You feel less confused. Something hits you.
You take 1 damage, and have 14/31 hp.
You hear some strange, mumbled words.
A magic dart appears from out of thin air!
The magic dart hits you!
* * * LOW HITPOINT WARNING * * *
You take 6 damage, and have 8/31 hp.
You hit something. You closely miss something.
You redirect something's attack!
Okay, then.
It was a potion of enlightenment.
You feel very buoyant.
You fly up into the air.
Something hits you but does no damage.
It was a potion of degeneration.
There was something very wrong with that liquid.
You feel weakened.
You feel dopey.
You feel clumsy. Something hits you.
* * * LOW HITPOINT WARNING * * *
You take 1 damage, and have 7/31 hp.
You miss something. Something hits you.
* * * LOW HITPOINT WARNING * * *
You take 3 damage, and have 4/31 hp.
You barely miss something. Something hits you but does no damage.
You barely miss something. You tail-slap something.
Something hits you but does no damage.
You hit something but do no damage.
Your tail-slap misses something.
Something hits you.
* * * LOW HITPOINT WARNING * * *
You take 2 damage, and have 2/31 hp.
You hit something but do no damage.
You hear some strange, mumbled words.
A puff of flame appears from out of thin air!
The puff of flame hits you!
You die...
Ru respects your ultimate sacrifice.

.......... ............ #
#....##..# .# #..#......
#.#........# ..# #..#..#.#.
###.#....##..##..#.#..#..#.#.
.........##..... .....#..#...
............... .............
#....)..##..##.##.#..#..#...
##.....).##.{......#..#..##.#
.........)..@...##...........
##.#.#...##..#..##....#..##.#
.. +...'...................
#. #...###.#..#........##.. #
#.......................
#.......................
#.###..........#...#.#..###.
#......###.........#.#..# .
#######..###.....#...#.#..##
.


There were no monsters in sight!

Vanquished Creatures
  A dart slug (D:2)
  4 orcs (D:2)
  3 ball pythons
  3 endoplasms
  2 giant cockroaches (D:1)
  2 goblins (D:1)
  4 hobgoblins
  4 jackals (D:2)
  A quokka (D:1)
  3 bats (D:1)
  A frilled lizard (D:1)
28 creatures vanquished.

Notes
Turn   | Place    | Note
-------+----------+-------------------------------------------
     0 | D:1      | HilariousDeathArtist the Draconian Brigand began the quest
                  | for the Orb.
     0 | D:1      | Reached XP level 1. HP: 17/17 MP: 1/1
   260 | D:1      | Reached skill level 3 in Fighting
   260 | D:1      | Reached XP level 2. HP: 23/26 MP: 2/2
   517 | D:1      | Found a faded altar of an unknown god.
   531 | D:1      | Prayed at the altar of an unknown god.
   531 | D:1      | Became a worshipper of Ru the Awakened
   535 | D:1      | Gained mutation: You are somewhat unskilled. (-1 Apt) [Ru
                  | sacrifice]
   535 | D:1      | Reduced skill Fighting to level 2
   535 | D:1      | Reached * piety under Ru
   684 | D:2      | Reached skill level 3 in Fighting
   766 | D:2      | Reached XP level 3. HP: 31/31 MP: 3/3
   868 | D:2      | HP: 7/31 [something (2)]
   872 | D:2      | HP: 2/31 [something (2)]
   873 | D:2      | Killed from afar by an orc wizard

Illustrated notes

Levels and vault maps discovered:
D:1:      eino_arrival_druids_welcome, layout_loops_ring,
          shapermc_ecumenical_altar_mp_urbaneastern, item_on_display_a
D:2:      layout_basic, grunt_ministairs_2, corexii_item_surrounded_by_moat

Skill      XL: |  1  2 |
---------------+-------+-----
Fighting       | 3 3 |  3.2
Short Blades   | |  2.4
Throwing       | |  1.5
Dodging        | |  0.7
Stealth        | |  3.2

Action                     || total
---------------------------++-------
  Melee: Dagger            ||    79
         Tailslap          ||     7
  Throw: Stone             ||     5
 Invoke: Sacrifice Skill   ||     1
    Use: Potion            ||     2
   Stab: Sleeping          ||     7
 Armour: Skin              ||    64
  Dodge: Dodged            ||    45

Table legend: (Time is in decaauts)
 A = Elapsed time spent in this place.
 B = Non-inter-level travel time spent in this place.
 C = Inter-level travel time spent in this place.
 D = Time resting spent in this place.
 E = Time spent auto-exploring this place.
 F = Levels seen in this place.
 G = Mean time per level.
                   A        B        C        D        E       F      G
               +--------+--------+--------+--------+--------+-----+--------+
         Total |    863 |    845 |     18 |      0 |    629 |   2 |  431.5 |
       Dungeon |    863 |    845 |     18 |      0 |    629 |   2 |  431.5 |
               +--------+--------+--------+--------+--------+-----+--------+

Top non-repeatable levels by time:
     D:1: 668 daAuts
     D:2: 195 daAuts

Levels and vault maps discovered:
D:1:      eino_arrival_druids_welcome, layout_loops_ring,
          shapermc_ecumenical_altar_mp_urbaneastern, item_on_display_a
D:2:      layout_basic, grunt_ministairs_2, corexii_item_surrounded_by_moat

Table legend: (Time is in decaauts)
 A = Elapsed time spent in this place.
 B = Non-inter-level travel time spent in this place.
 C = Inter-level travel time spent in this place.
 D = Time resting spent in this place.
 E = Time spent auto-exploring this place.
 F = Levels seen in this place.
 G = Mean time per level.
                   A        B        C        D        E       F      G
               +--------+--------+--------+--------+--------+-----+--------+
         Total |    863 |    845 |     18 |      0 |    629 |   2 |  431.5 |
       Dungeon |    863 |    845 |     18 |      0 |    629 |   2 |  431.5 |
               +--------+--------+--------+--------+--------+-----+--------+

Top non-repeatable levels by time:
     D:1: 668 daAuts
     D:2: 195 daAuts

Table legend:
 A = Kills in this place as a percentage of kills in the entire game.
 B = Kills by you in this place as a percentage of kills by you in the entire game.
 C = Kills by friends in this place as a percentage of kills by friends in the entire game.
 D = Other kills in this place as a percentage of other kills in the entire game.
 E = Experience gained in this place as a percentage of experience gained in the entire game.
 F = Experience gained in this place divided by the number of levels of this place that you have seen.
                   A       B       C       D       E      F
               +-------+-------+-------+-------+-------+----------------------
         Total | 100.0 | 100.0 |   N/A |   N/A | 100.0 |  28.5
       Dungeon | 100.0 | 100.0 |   N/A |   N/A | 100.0 |  28.5
               +-------+-------+-------+-------+-------+----------------------
